 Dungeon Crawl Stone Soup version 0.30-a0-989-g0d87f670db (webtiles) character file.

Game seed: 7094905188446177282

2594 cforsyth the Basher (level 9, -4/75 HPs)
             Began as a Formicid Fighter on Apr 3, 2023.
             Was a Follower of Ru.
             Slain by an ogre
             ... wielding a +0 giant club
              (14 damage)
             ... on level 7 of the Dungeon.
             The game lasted 00:13:04 (8210 turns).

cforsyth the Basher (Formicid Fighter)              Turns: 8210, Time: 00:13:04

Health: -4/75      AC: 10    Str: 24    XL:     9   Next: 89%
Magic:  9/9        EV:  7    Int:  9    God:    Ru [*.....]
Gold:   252        SH: 10    Dex: 13    Spells: 8/8 levels left

rFire   . . .      SeeInvis +    v - +0 morningstar
rCold   + . .      Faith    .    c - +0 buckler
rNeg    . . .      Spirit   .    o - +0 chain mail {Will+}
rPois   .          Reflect  +    (helmet unavailable)
rElec   .          Rampage  .    (no cloak)
rCorr   .                        G - +0 pair of gloves
Will    +....                    (no boots) Stlth
                                 E - amulet of reflection
HPRegen 0.32/turn                f - ring of protection from cold
MPRegen 0.11/turn                (no ring)

@: no status effects
A: permanent stasis, dig shafts and tunnels, antennae 3, no air magic, no
summoning magic, no transmutations magic, four strong arms
a: Dig, Shaft Self, Renounce Religion


You were on level 7 of the Dungeon.
You worshipped Ru.
Ru was aware of your devotion.
You visited 2 branches of the dungeon, and saw 8 of its levels.

You collected 252 gold pieces.

Inventory:

Hand Weapons
 a - a +0 flail
 v - a +0 morningstar (weapon)
Missiles
 x - 2 throwing nets
Armour
 b - a +0 scale mail
 c - a +0 buckler (worn)
 o - a +0 chain mail of willpower (worn)
 C - a +0 plate armour
 G - a +0 pair of gloves (worn)
Jewellery
 f - a ring of protection from cold (left hand)
 E - an amulet of reflection (around neck)
Wands
 l - a wand of flame (4)
 u - a wand of quicksilver (8)
 w - a wand of iceblast (22)
Scrolls
 g - 4 scrolls of identify {unknown}
 j - a scroll of amnesia {unknown}
 m - 5 scrolls of enchant weapon {unknown}
 n - 2 scrolls of fog {unknown}
 p - a scroll of silence {unknown}
 q - 4 scrolls of teleportation {unknown}
 r - a scroll of poison {unknown}
 t - 2 scrolls of summoning {unknown}
 y - a scroll of vulnerability {unknown}
 A - 2 scrolls of magic mapping {unknown}
 F - a scroll of noise {unknown}
Potions
 e - 2 potions of degeneration {unknown}
 h - 3 potions of flight {unknown}
 i - 3 potions of haste {unknown}
 k - 2 potions of lignification {unknown}
 s - 2 potions of attraction {unknown}
 z - 2 potions of invisibility
 B - 4 potions of curing
 D - a potion of heal wounds {unknown}


   Skills:
 + Level 8.7 Fighting
 * Level 10.6 Maces & Flails
 - Level 3.2 Armour
 - Level 4.0 Shields


You had 8 spell levels left.
You didn't know any spells.
Your spell library contained the following spells:

 Spells                   Type           Power      Damage    Failure   Level
 Magic Dart               Conj           0%         1d3       98%         1
 Searing Ray              Conj           0%         2d4       99%         2
 Fulminant Prism          Conj/Hex       0%         3d5       100%        4


Dungeon Overview and Level Annotations

Branches:
Dungeon (7/15)             Temple (1/1) D:4

Altars:
Ashenzari
Dithmenos
Elyvilon
Fedhas
Gozag
Okawaru
Ru
Sif Muna
Trog
Yredelemnul
Zin
The Shining One

Shops:
D:4 [[   D:5 ?


Innate Abilities, Weirdness & Mutations

You cannot be hasted, slowed, berserked, paralysed or teleported.
You can dig through walls and to a lower floor.
You have a pair of large antennae on your head. (SInv)
You cannot study or cast Air magic.
You cannot study or cast Summoning magic.
You cannot study or cast Transmutations magic.
Your four strong arms can wield two-handed weapons with a shield.


Message History

No target in view!
You see here an iguana corpse.
Found a stone staircase leading up.
An ogre comes into view. It is wielding a +0 giant club.
An ogre is nearby!
An ogre is nearby!
An ogre is nearby!
The ogre hits you with a +0 giant club!
You puncture the ogre!
The ogre is moderately wounded.
You closely miss the ogre.
The ogre is moderately wounded.
The ogre hits you with a +0 giant club!
You barely miss the ogre.
The ogre is moderately wounded.
The ogre barely misses you.
You barely miss the ogre.
The ogre is moderately wounded.
You block the ogre's attack.
You barely miss the ogre.
The ogre is moderately wounded.
You closely miss the ogre.
The ogre is moderately wounded.
The ogre hits you with a +0 giant club!!
* * * LOW HITPOINT WARNING * * *
You are too injured to fight recklessly!
You are too injured to fight recklessly!
You are too injured to fight recklessly!
You are too injured to fight recklessly!
You closely miss the ogre.
The ogre is moderately wounded.
The ogre hits you with a +0 giant club!
* * * LOW HITPOINT WARNING * * *
You hit the ogre.
The ogre is moderately wounded.
You hit the ogre.
The ogre is heavily wounded.
A black bear comes into view.
The ogre hits you with a +0 giant club!
You die...

.# .# .# ###.##
#...h #<#.#
##.O.# ##..@.#
#
####....###.###
+..............
####........###
##..###### ##.#
#.# #+# #.#
#.##########.#


You could see a black bear and an ogre.

Vanquished Creatures
  Menkaure (D:5)
  3 water moccasins
  A black bear (D:5)
  2 ice beasts (D:6)
  2 orc warriors (D:7)
  A sky beast (D:7)
  3 ogres
  3 phantoms
  Blork the orc (D:4)
  3 scorpions
  A howler monkey (D:6)
  5 orc priests
  3 hounds
  Ijyb (D:4)
  4 iguanas
  Natasha (thrice) (D:4)
  2 orc wizards
  Robin (D:3)
  6 gnolls
  12 adders
  A shadow imp (D:7)
  A white imp (D:6)
  2 ufetubi (D:5)
  4 worms
  3 dart slugs
  15 orcs
  6 bats
  8 endoplasms
  A giant cockroach (D:3)
  21 goblins
  9 hobgoblins
  9 jackals
  4 quokkas
  7 ball pythons
  3 frilled lizards
  10 kobolds
  6 rats
168 creatures vanquished.

Notes
Turn   | Place    | Note
-------+----------+-------------------------------------------
     0 | D:1      | cforsyth the Formicid Fighter began the quest for the Orb.
     0 | D:1      | Reached XP level 1. HP: 18/18 MP: 1/1
    93 | D:1      | Reached XP level 2. HP: 19/24 MP: 2/2
   250 | D:1      | Reached XP level 3. HP: 26/30 MP: 3/3
   254 | D:1      | Reached skill level 3 in Maces & Flails
   534 | D:1      | Found a faded altar of an unknown god.
  1001 | D:2      | Reached XP level 4. HP: 37/37 MP: 4/4
  1071 | D:2      | Identified the +6 ring mail "Kots" {Drain rElec Int+7
                  | Slay-3}
  1654 | D:2      | Reached skill level 4 in Maces & Flails
  1986 | D:3      | Reached XP level 5. HP: 26/42 MP: 5/5
  2456 | D:3      | Noticed Robin
  2859 | D:3      | Killed Robin
  3165 | D:4      | Found Uxeinurph's Antique Armour Boutique.
  3178 | D:4      | Reached XP level 6. HP: 46/49 MP: 6/6
  3182 | D:4      | Found a white marble altar of Elyvilon.
  3193 | D:4      | Reached skill level 5 in Maces & Flails
  3503 | D:4      | Noticed Ijyb
  3528 | D:4      | Killed Ijyb
  3529 | D:4      | Reached skill level 5 in Fighting
  3690 | D:4      | Found Vet Hiek's Armour Shoppe.
  3744 | D:4      | Found a staircase to the Ecumenical Temple.
  3775 | D:4      | Noticed Natasha
  3788 | Temple   | Entered the Ecumenical Temple
  3893 | Temple   | Became a worshipper of Ru the Awakened
  3941 | D:4      | Killed Natasha
  4197 | D:4      | Noticed Blork the orc
  4203 | D:4      | Killed Blork the orc
  4204 | D:4      | Reached skill level 6 in Maces & Flails
  4204 | D:4      | Reached XP level 7. HP: 22/56 MP: 7/7
  4414 | D:5      | Entered Level 5 of the Dungeon
  4414 | D:5      | Found a shimmering blue altar of Sif Muna.
  4584 | D:5      | Found Qoxtocie's Magic Scroll Boutique.
  4730 | D:4      | Noticed Natasha
  4743 | D:4      | Killed Natasha
  4744 | D:4      | Reached skill level 7 in Maces & Flails
  4744 | D:4      | Reached XP level 8. HP: 34/64 MP: 8/8
  4852 | D:4      | Noticed Natasha
  4861 | D:4      | Killed Natasha
  5028 | D:4      | Found a white marble altar of Elyvilon.
  5054 | D:4      | Found Uxeinurph's Antique Armour Boutique.
  5170 | D:4      | Found Vet Hiek's Armour Shoppe.
  5771 | D:5      | Reached skill level 8 in Maces & Flails
  6120 | D:5      | Noticed Menkaure
  6134 | D:5      | Killed Menkaure
  6135 | D:5      | Reached XP level 9. HP: 5/72 MP: 9/9
  6382 | D:5      | Found a glowing silver altar of Zin.
  6536 | D:6      | Reached skill level 9 in Maces & Flails
  6782 | D:6      | Gained mutation: You cannot study or cast Air magic. [Ru
                  | sacrifice]
  6782 | D:6      | Gained mutation: You cannot study or cast Transmutations
                  | magic. [Ru sacrifice]
  6782 | D:6      | Gained mutation: You cannot study or cast Summoning magic.
                  | [Ru sacrifice]
  6782 | D:6      | Reached * piety under Ru
  6797 | D:6      | Found a shadowy altar of Dithmenos.
  6874 | D:6      | Reached skill level 10 in Maces & Flails
  7911 | D:7      | Found a glowing golden altar of the Shining One.
  8210 | D:7      | Slain by an ogre

Illustrated notes

Levels and vault maps discovered:
D:1:      dpeg_arrival_morbid_curiosity, layout_basic,
          shapermc_ecumenical_altar_acropolis, minmay_misc_feat_diagonals
D:2:      minmay_recursive_quarters, layout_basic
D:3:      layout_basic, uniq_robin
D:4:      layout_rooms, elyvilon_altar_5, minmay_temple_entry_large_hall,
          serial_shops, nicolae_diamond_shop, nicolae_stop_n_shop_2,
          uniq_blork_the_orc, uniq_natasha, uniq_ijyb
D:5:      layout_rooms, lemuel_round_altar, zin_statuary, serial_shops,
          kennysheep_little_box, uniq_menkaure
D:6:      layout_loops_ring, nicolae_dithmenos_through_a_glass_darkly
D:7:      layout_loops_corners, overflow_temple_1_default
Temple:   regret_index_temple_generic_petals

Skill      XL: |  1  2  3  4  5  6  7  8  9 |
---------------+----------------------------+-----
Maces & Flails | 3 4 6 7 8 10 | 10.6
Fighting       | 4 5 6 7 8 |  8.7
Armour         | |  3.2
Shields        | |  4.0

Action                     |  1- 3 |  4- 6 |  7- 9 || total
---------------------------+-------+-------+-------++-------
  Melee: Flail             |   124 |   156 |       ||   280
         Morningstar       |       |    76 |   276 ||   352
 Invoke: Sacrifice Arcana  |       |       |     1 ||     1
Ability: Dig               |       |     5 |       ||     5
  Evoke: Wand              |       |       |     2 ||     2
    Use: Potion            |       |     1 |     4 ||     5
 Armour: Scale mail        |   104 |    29 |       ||   133
         Chain mail        |       |    95 |    90 ||   185
  Dodge: Dodged            |    91 |   105 |    87 ||   283
  Block: Buckler           |    48 |    69 |    75 ||   192
         Reflection        |       |       |     4 ||     4

Table legend: (Time is in decaauts)
 A = Elapsed time spent in this place.
 B = Non-inter-level travel time spent in this place.
 C = Inter-level travel time spent in this place.
 D = Time resting spent in this place.
 E = Time spent auto-exploring this place.
 F = Levels seen in this place.
 G = Mean time per level.
                   A        B        C        D        E       F      G
               +--------+--------+--------+--------+--------+-----+--------+
         Total |   8339 |   8092 |    247 |    746 |   5815 |   8 | 1042.4 |
       Dungeon |   8195 |   7986 |    209 |    746 |   5716 |   7 | 1170.7 |
        Temple |    143 |    105 |     38 |      0 |     99 |   1 |  143.0 |
               +--------+--------+--------+--------+--------+-----+--------+

Top non-repeatable levels by time:
     D:4: 1523 daAuts
     D:5: 1478 daAuts
     D:2: 1396 daAuts
     D:3: 1128 daAuts
     D:6: 1027 daAuts
     D:1: 978 daAuts
     D:7: 662 daAuts
  Temple: 143 daAuts
